 Dungeon Crawl Stone Soup version 0.19.1-1-g22dce08 (webtiles) character file.

78071 Dolanko the Bludgeoner (level 15, -8/183 HPs)
             Began as a Demonspawn Berserker on Jan 19, 2017.
             Was an Elder of Trog.
             Mangled by a death yak (12 damage)
             ... on level 5 of the Lair of Beasts.
             The game lasted 00:49:33 (20165 turns).

Dolanko the Bludgeoner (Demonspawn Berserker)      Turns: 20165, Time: 00:49:34

Health: -8/183     AC: 27    Str: 18    XL:     15   Next: 17%
Magic:  0/19       EV:  2    Int: 10    God:    Trog [****..]
Gold:   1633       SH:  0    Dex: 17    Spells: 0 memorised, 14 levels left

rFire  + . .     SeeInvis .     d - +1 dire flail
rCold  . . .     Gourm    .     (armour currently unavailable)
rNeg   + + +     Faith    .     (shield currently unavailable)
rPois  +         Spirit   +     (helmet currently unavailable)
rElec  .         Reflect  .     (cloak currently unavailable)
rCorr  .         Harm     .     (gloves currently unavailable)
MR     +++..     NoTele   +     (boots currently unavailable)
Stlth  ++........               s - amulet of guardian spirit
                                (no ring)
                                B - ring of protection from fire

@: tree-form, regenerating
A: (hooves 0), (thin metallic scales 0), (cold resistance 0), foul stench 1,
powered by death 3, rot immunity
a: Berserk, Trog's Hand, Brothers in Arms, Burn Spellbooks, Renounce Religion


You were on level 5 of the Lair of Beasts.
You worshipped Trog.
Trog was greatly pleased with you.
You were very hungry.
You were a tree.
You visited 3 branches of the dungeon, and saw 19 of its levels.
You also visited: Bailey.

You collected 1633 gold pieces.

Inventory:

Hand Weapons
 d - a +1 dire flail (weapon)
 v - a +3 whip of draining
Missiles
 i - 2 javelins of penetration (quivered)
 r - 5 silver javelins
Armour
 g - a +0 plate armour of poison resistance (melded)
 u - a +0 hat (melded)
 C - a +0 shield
 K - a +0 pair of gloves (melded)
 L - a +1 cloak of invisibility (melded)
Jewellery
 s - an amulet of guardian spirit (around neck)
 B - a ring of protection from fire (left branch)
Wands
 b - a wand of enslavement (8/24)
 w - a wand of disintegration (14/24)
 x - a wand of enslavement (6/24)
 y - a wand of lightning (0/15)
 z - a wand of lightning (0/15)
 D - a wand of paralysis (8/24)
 F - a wand of polymorph (15/24)
Scrolls
 k - 5 scrolls of teleportation
 l - 7 scrolls of identify
 o - a scroll of fog
 E - 2 scrolls of immolation
Potions
 a - 4 potions of brilliance
 n - a potion of agility
 p - 6 potions of magic
 q - 2 potions of berserk rage
 t - 3 potions of cancellation
 A - 4 potions of flight
Miscellaneous
 e - a phial of floods (inert)
Comestibles
 c - 6 bread rations
 G - 4 meat rations
 H - 4 beef jerkies
 I - 7 slices of pizza
 J - 20 fruits


   Skills:
 + Level 12.7 Fighting
 * Level 16.1 Maces & Flails
 + Level 11.6 Armour
 - Level 4.5 Dodging
   Level 6.0 Invocations


You had 14 spell levels left.
You didn't know any spells.

Dungeon Overview and Level Annotations

Branches:
Dungeon (11/15)            Temple (0/1) D:5            Lair (6/6) D:8
  Swamp (0/4) Lair:3        Snake (0/4) Lair:2          Orc (2/2) D:11
    Elf (0/3) Orc:2
  Slime: Lair:5-6

Altars:
Fedhas
Okawaru
Sif Muna
Trog
Xom
Zin
The Shining One
Beogh

Shops:
D:4 =   D:7 *   Orc:2 =*[(

Annotations:
D:2 exclusion: oklob plant
Lair:5 exclusion: oklob plant
Lair:6 Beholder179's ghost, journeyman DrVM


Innate Abilities, Weirdness & Mutations

((You have large cloven feet.))
((You are completely covered in thin metallic scales. (AC +4, rElec)))
((Your flesh is cold resistant. (rC+)))
You may emit foul miasma when damaged in melee.
You regenerate a lot of health from kills.
You are immune to rotting.


Message History

The yak gores you but does no damage.
Your ogre hits the death yak but does no damage.
The death yak gores you but does no damage.
The death yak gores you!
* * * LOW HITPOINT WARNING * * *
You feel better.
Your ogre barely misses the death yak.
The yak gores you but does no damage. The death yak gores you.
* * * LOW HITPOINT WARNING * * *
The death yak gores you!
* * * LOW HITPOINT WARNING * * *
You emit a cloud of foul miasma!
You hit the death yak.
The death yak is lightly wounded.
Your ogre hits the death yak with a giant club!!!
The yak gores you but does no damage.
You catch the helpless death yak completely off-guard!
You hit the death yak but do no damage.
The death yak is heavily wounded.
The death yak gores you!
You die...

............P...#....P......##...
..........##....P....####.....#..
.#........###..........###.P##...
.P.#......P##.P.#.....#.....##..<
...........#####.................
..........P###.##................
.................................
...............†.................
..............OY♣Y...............
............####.Y...............
..........##.####................
.........####..##....###.#+.P#...
.#.......##....###..## ##....#...
##.......P#....###...###...P##...
..........#....P.P..##...÷..P##..
.>#...............P.##P.....###..
.........###...#....P##......##..


You could see 2 death yaks, a yak and a friendly ogre (berserk).

Vanquished Creatures
  Gastronok (Lair:1)
  2 orc warlords
  Nessos (Orc:2)
  The ghost of fatfloppyjuicyveiny the Shatterer, a journeyman OgBe of Trog (D:11)
  The ghost of Schimscham the Cleaver, a journeyman FoFi of Qazlal (Orc:1)
  A hydra (Lair:2)
  Erolcha (D:9)
  Erica (D:9)
  9 death yaks
  3 orc high priests (Orc:2)
  A fire crab (Lair:5)
  An unseen horror (D:11)
  4 orc knights
  Pikel (D:9)
  5 orc sorcerers
  A cyclops (D:10)
  An ugly thing (D:11)
  A black mamba (Lair:2)
  6 elephants
  Psyche (D:9)
  Joseph (Lair:1)
  12 spiny frogs
  The ghost of Noxmare the Shield-Bearer, a novice DsFi (D:4)
  3 rime drakes
  5 komodo dragons
  2 trolls
  A polar bear (Lair:5)
  A hornet (D:11)
  2 two-headed ogres (Orc:2)
  5 blink frogs (Lair:4)
  4 hippogriffs
  Sigmund (D:3)
  35 yaks
  A hog (D:7)
  2 hungry ghosts
  A steam dragon (D:10)
  Grum (D:11)
  3 wargs (Orc:1)
  4 nagas (Lair:2)
  12 water moccasins
  33 orc warriors
  10 porcupines
  2 sky beasts
  An ice beast (D:11)
  A black bear (Lair:2)
  4 phantoms
  A centaur (D:7)
  13 ogres
  14 wolves
  10 crocodiles
  2 big kobolds
  15 bullfrogs
  A gnoll sergeant (D:5)
  A wyvern zombie (D:7)
  5 jellies
  A scorpion (D:9)
  A wyvern skeleton (D:10)
  A water moccasin skeleton (D:7)
  10 killer bees
  4 howler monkeys (D:9)
  A bullfrog zombie (D:6)
  5 crimson imps
  4 hounds
  2 centaur zombies
  2 centaur skeletons (D:8)
  20 orc priests
  28 orc wizards
  A bullfrog skeleton (D:4)
  Natasha (thrice) (D:2)
  3 iguanas
  Ijyb (D:3)
  3 worker ants
  A killer bee zombie (D:7)
  2 hound skeletons
  2 worker ant zombies
  20 gnolls
  11 adders
  A shadow imp (D:6)
  2 oozes (D:3)
  3 adder skeletons
  2 worms
  A dart slug (D:3)
  4 leopard geckos
  84 orcs
  2 giant cockroaches
  8 goblins
  20 hobgoblins
  16 jackals
  25 kobolds
  3 quokkas
  10 bats
  4 frilled lizards
  A giant cockroach zombie (D:5)
  A goblin skeleton (D:4)
  3 hobgoblin zombies (D:4)
  A jackal skeleton (D:5)
  A kobold skeleton (D:4)
  5 kobold zombies (D:4)
  A leopard gecko skeleton (D:5)
  An orc skeleton (D:4)
  8 rats
586 creatures vanquished.

Vanquished Creatures (collateral kills)
  2 death yaks
  An orc knight (Orc:2)
  An elephant (Lair:2)
  A spiny frog (Lair:1)
  A rime drake (Lair:2)
  3 blink frogs (Lair:2)
  3 hogs (D:7)
  3 yaks (Lair:1)
  A human (D:7)
  A black bear (Lair:2)
  An orc warrior (Orc:2)
  A crocodile (D:7)
  5 orcs (Orc:2)
24 creatures vanquished.

Vanquished Creatures (others)
  An orc warrior (Orc:2)
  3 slaves (D:9)
  14 fungi
  2 plants
20 creatures vanquished.

Grand Total: 630 creatures vanquished

Notes
Turn   | Place    | Note
-------+----------+-------------------------------------------
     0 | D:1      | Dolanko the Demonspawn Berserker began the quest for the Orb.
     0 | D:1      | Reached XP level 1. HP: 18/18 MP: 1/1
    10 | D:1      | Reached skill level 3 in Maces & Flails
    13 | D:1      | Gained mutation: You are partially covered in thin metallic scales. (AC +2) [demonic ancestry]
    13 | D:1      | Reached XP level 2. HP: 21/24 MP: 2/2
   331 | D:1      | Reached ** piety under Trog
   833 | D:2      | Gained mutation: You have large cloven feet. [demonic ancestry]
   833 | D:2      | Reached XP level 3. HP: 23/29 MP: 3/3
   899 | D:2      | Found a blossoming altar of Fedhas.
   914 | D:2      | Noticed an oklob plant
  1186 | D:2      | Noticed Natasha
  1198 | D:2      | Killed Natasha
  1198 | D:2      | Reached XP level 4. HP: 28/35 MP: 4/4
  1245 | D:2      | Noticed Natasha
  1251 | D:2      | Killed Natasha
  1251 | D:2      | Reached skill level 4 in Maces & Flails
  1504 | D:2      | Found a glowing silver altar of Zin.
  1582 | D:2      | Noticed Natasha
  1589 | D:2      | Killed Natasha
  1801 | D:3      | Gained mutation: You regenerate a little health from kills. [demonic ancestry]
  1801 | D:3      | Reached XP level 5. HP: 41/42 MP: 5/5
  2060 | D:3      | Noticed Ijyb
  2085 | D:3      | Killed Ijyb
  2123 | D:3      | Noticed Sigmund
  2131 | D:3      | Killed Sigmund
  2131 | D:3      | Reached skill level 5 in Maces & Flails
  2131 | D:3      | Gained mutation: You are mostly covered in thin metallic scales. (AC +3) [demonic ancestry]
  2131 | D:3      | Reached XP level 6. HP: 48/48 MP: 6/6
  2353 | D:4      | Found Sekh's Jewellery Shoppe.
  2441 | D:4      | Found a glowing golden altar of the Shining One.
  2443 | D:4      | Noticed Noxmare's ghost (novice DsFi)
  2498 | D:4      | Killed Noxmare's ghost
  2498 | D:4      | Gained mutation: You regenerate health from kills. [demonic ancestry]
  2498 | D:4      | Reached XP level 7. HP: 43/55 MP: 2/7
  2499 | D:4      | Reached skill level 6 in Maces & Flails
  2589 | D:4      | Found a deep blue altar of Sif Muna.
  2764 | D:4      | Reached skill level 5 in Fighting
  2855 | D:4      | Reached *** piety under Trog
  3189 | D:5      | Entered Level 5 of the Dungeon
  3611 | D:5      | Reached XP level 8. HP: 61/63 MP: 6/8
  3944 | D:5      | Found a staircase to the Ecumenical Temple.
  4206 | D:6      | Reached skill level 7 in Maces & Flails
  4215 | D:6      | Got a polished trident
  4370 | D:6      | Identified the cursed +2 trident "Plog" {pain, rF+ Dex+3} (You found it on level 6 of the Dungeon)
  4498 | D:6      | Reached **** piety under Trog
  4611 | D:6      | Reached skill level 5 in Armour
  4902 | D:7      | Found Muqenaf's General Store.
  5147 | D:7      | Reached skill level 8 in Maces & Flails
  5353 | D:7      | Gained mutation: You are completely covered in thin metallic scales. (AC +4, rElec) [demonic ancestry]
  5353 | D:7      | Reached XP level 9. HP: 69/71 MP: 9/9
  5438 | D:7      | Found a shimmering altar of Xom.
  5438 | D:7      | Found a shimmering altar of Xom.
  5438 | D:7      | Found a shimmering altar of Xom.
  5438 | D:7      | Found a shimmering altar of Xom.
  5438 | D:7      | Found a shimmering altar of Xom.
  5438 | D:7      | Found a shimmering altar of Xom.
  5778 | D:7      | Found a bloodstained altar of Trog.
  5912 | D:7      | Noticed a water nymph
  5918 | D:7      | Noticed an anaconda
  5918 | D:7      | a water nymph changed into an anaconda
  5987 | D:8      | Reached skill level 9 in Maces & Flails
  6151 | D:8      | Found a staircase to the Lair.
  6396 | D:8      | Reached ***** piety under Trog
  6540 | Lair:1   | Entered Level 1 of the Lair of Beasts
  6554 | Lair:1   | Noticed a spiny frog
  6571 | Lair:1   | Gained mutation: You regenerate a lot of health from kills. [demonic ancestry]
  6571 | Lair:1   | Reached XP level 10. HP: 36/80 MP: 5/10
  6575 | Lair:1   | Killed a spiny frog
  6575 | Lair:1   | Reached skill level 10 in Maces & Flails
  6707 | Lair:1   | Noticed a spiny frog
  6766 | Lair:1   | Killed a spiny frog
  6934 | Lair:1   | Noticed a spiny frog
  6958 | Lair:1   | Killed a spiny frog
  7120 | Lair:1   | Noticed a spiny frog
  7247 | Lair:1   | Killed a spiny frog
  7543 | Lair:1   | Reached skill level 11 in Maces & Flails
  7638 | Lair:1   | Noticed Joseph
  7675 | Lair:1   | Killed Joseph
  7881 | Lair:1   | Noticed Gastronok
  7904 | Lair:1   | Killed Gastronok
  7904 | Lair:1   | Gained mutation: You are immune to rotting. [demonic ancestry]
  7904 | Lair:1   | Reached XP level 11. HP: 61/89 MP: 6/11
  8338 | Lair:2   | Noticed an eight-headed hydra
  8359 | Lair:2   | Killed an eight-headed hydra
  8412 | Lair:2   | Reached skill level 12 in Maces & Flails
  8632 | Lair:2   | Reached skill level 10 in Fighting
  9010 | Lair:2   | Found a staircase to the Snake Pit.
  9176 | Lair:2   | Reached XP level 12. HP: 98/98 MP: 9/12
  9362 | Lair:3   | Received a gift from Trog
  9446 | Lair:3   | Found a staircase to the Swamp.
  9514 | Lair:3   | Reached skill level 13 in Maces & Flails
  9666 | Lair:3   | Noticed a death yak
  9666 | Lair:3   | Noticed a death yak
  9671 | Lair:3   | Noticed a death yak
  9734 | Lair:2   | Killed a death yak
  9746 | Lair:2   | Killed a death yak
 10355 | Lair:3   | Noticed a death yak
 10356 | Lair:3   | Noticed a death yak
 10357 | Lair:3   | Noticed a death yak
 10357 | Lair:3   | Noticed a death yak
 10358 | Lair:3   | Noticed a death yak
 10359 | Lair:3   | Noticed a death yak
 10388 | Lair:3   | Killed a death yak
 10420 | Lair:3   | Killed a death yak
 10459 | Lair:3   | Killed a death yak
 10480 | Lair:3   | Killed a death yak
 10484 | Lair:3   | Killed a death yak
 10502 | Lair:3   | Killed a death yak
 11244 | Lair:4   | Reached skill level 10 in Armour
 11443 | Lair:4   | Received a gift from Trog
 11446 | Lair:4   | Reached skill level 14 in Maces & Flails
 12654 | Lair:5   | Gained mutation: Your flesh is cold resistant. (rC+) [demonic ancestry]
 12654 | Lair:5   | Reached XP level 13. HP: 84/106 MP: 10/13
 14586 | D:9      | Noticed Pikel
 14603 | D:9      | Noticed Erolcha
 14609 | D:9      | Killed Pikel
 14637 | D:9      | Killed Erolcha
 14807 | D:9      | Found an iron altar of Okawaru.
 14819 | D:9      | Noticed Erica
 14843 | D:9      | Killed Erica
 14940 | D:9      | Noticed Psyche
 14942 | D:9      | Paralysed by Psyche for 2 turns
 14984 | D:9      | Killed Psyche
 15127 | D:10     | Entered Level 10 of the Dungeon
 15229 | D:10     | Reached skill level 15 in Maces & Flails
 15290 | D:10     | Found a flagged portal.
 15307 | Bailey   | Entered a bailey
 15646 | D:10     | Gained mutation: You may emit foul miasma when damaged in melee. [demonic ancestry]
 15646 | D:10     | Reached XP level 14. HP: 115/115 MP: 13/18
 15874 | D:10     | Found a roughly hewn altar of Beogh.
 16438 | D:11     | Noticed Grum
 16459 | D:11     | Killed Grum
 16528 | D:11     | Found a staircase to the Orcish Mines.
 16537 | D:11     | Noticed fatfloppyjuicyveiny's ghost (journeyman OgBe)
 16646 | D:11     | Killed fatfloppyjuicyveiny's ghost
 16759 | Orc:1    | Entered Level 1 of the Orcish Mines
 16759 | Orc:1    | Noticed Schimscham's ghost (journeyman FoFi)
 16807 | Orc:1    | Killed Schimscham's ghost
 17034 | Orc:1    | Noticed an orc warlord
 17084 | Orc:1    | Killed an orc warlord
 17084 | Orc:1    | Received a gift from Trog
 17722 | Orc:2    | Entered Level 2 of the Orcish Mines
 18044 | Orc:2    | Found a staircase to the Elven Halls.
 18521 | Orc:2    | HP: 5/116 [orc warrior/glaive (28)]
 18979 | Orc:2    | Reached XP level 15. HP: 109/122 MP: 19/19
 19193 | Orc:2    | Noticed Nessos
 19244 | Orc:2    | Killed Nessos
 19244 | Orc:2    | Reached skill level 16 in Maces & Flails
 19535 | Orc:2    | Paralysed by an orc sorcerer for 2 turns
 19594 | Orc:2    | Noticed an orc warlord
 19610 | Orc:2    | Killed an orc warlord
 19613 | Orc:2    | Found Vocohoqi's General Store.
 19614 | Orc:2    | Found Zaschoupn's Jewellery Boutique.
 19616 | Orc:2    | Found Doxtaexo's Antique Armour Boutique.
 19616 | Orc:2    | Found Vied's Antique Weapon Shop.
 20129 | Lair:6   | Entered Level 6 of the Lair of Beasts
 20143 | Lair:6   | Noticed Beholder179's ghost (journeyman DrVM)
 20162 | Lair:5   | HP: 5/183 [death yak (9)]
 20163 | Lair:5   | HP: 2/183 [death yak (8)]
 20165 | Lair:5   | Mangled by a death yak

Skill      XL: |  1  2  3  4  5  6  7  8  9 10 11 12 13 14 15 |
---------------+----------------------------------------------+-----
Maces & Flails | 3 4 5 6 8 9 11 12 14 15 16 | 16.1
Armour         | 2 3 4 5 6 8 9 10 11 | 11.6
Fighting       | 4 5 6 7 9 10 11 12 | 12.7
Dodging        | 4 |  4.5
Invocations    | 6 |  6.0

Action                   |  1- 3 |  4- 6 |  7- 9 | 10-12 | 13-15 || total
-------------------------+-------+-------+-------+-------+-------++-------
Melee: Mace              |    71 |    22 |       |       |       ||    93
       Kick              |     6 |    43 |   265 |   511 |   685 ||  1510
       Whip              |       |   138 |   751 |  1230 |  1767 ||  3886
       Trident           |       |       |    40 |       |       ||    40
       Dire flail        |       |       |       |       |     3 ||     3
Throw: Javelin           |       |       |       |       |     8 ||     8
Invok: Berserk           |     2 |     3 |     1 |     2 |     2 ||    10
       Trog's Hand       |     2 |     3 |       |     6 |    13 ||    24
       Brothers in Arms  |       |       |     2 |     6 |     6 ||    14
       Burn Spellbooks   |       |       |       |     1 |       ||     1
Evoke: Wand              |       |       |       |    16 |    34 ||    50
       Phial of floods   |       |       |       |     1 |     1 ||     2
  Use: Scroll            |     1 |     4 |    10 |    10 |    10 ||    35
       Potion            |       |       |       |    15 |    14 ||    29
 Stab: Sleeping          |     2 |       |       |       |       ||     2
       Distracted        |       |       |       |     1 |     1 ||     2
       Paralysed         |       |       |       |       |    30 ||    30
  Eat: Chunk             |     2 |     8 |    14 |    21 |    32 ||    77
       Bread ration      |       |       |     1 |     1 |     1 ||     3
       Beef jerky        |       |       |     1 |     1 |       ||     2
Armor: Animal skin       |    20 |    20 |       |       |       ||    40
       Chain mail        |       |    49 |   399 |   504 |   273 ||  1225
       Plate armour      |       |       |       |       |   473 ||   473
       Skin              |       |       |       |       |     7 ||     7
Dodge: Dodged            |    49 |    73 |   296 |   283 |   512 ||  1213
